Construct Infanterie Kompanie
Selects Italian Coastal Battlegroup
Selects Artillery Officer
Construct Infanterie Kompanie
Construct Panzergrenadier Kompanie
Selects Designated Artillery Overwatch
Designated Artillery Overwatch
Nebelwerfer 42 Rocket Launcher Team
Designated Artillery Overwatch
Panzergrenadier Officer Quarters
Designated Artillery Overwatch
Nebelwerfer 42 Rocket Launcher Team
Infanterie Officer Quarters
Designated Artillery Overwatch